 Dungeon Crawl Stone Soup version 0.28-a0-563-gf77a47075d (webtiles) character file.

Game seed: 11169158301958120755

104 omnomnOMINOUS the Sneak (level 4, -2/29 HPs)
             Began as an Octopode Wanderer on Sept 29, 2021.
             Was a Follower of Makhleb.
             Slain by a gnoll (5 damage)
             ... on level 3 of the Dungeon.
             The game lasted 00:05:00 (2380 turns).

omnomnOMINOUS the Sneak (Octopode Wanderer)         Turns: 2380, Time: 00:05:00

Health: -2/29      AC:  1    Str:  9    XL:     4   Next: 80%
Magic:  8/8        EV: 13    Int: 15    God:    Makhleb [*.....]
Gold:   106        SH:  0    Dex: 13    Spells: 5/9 levels left

rFire   . . .      SeeInvis .   a - +0 dagger
rCold   . . .      Faith    .   (no shield)
rNeg    . . .      Spirit   .   (helmet restricted)
rPois   .          Reflect  .   (no amulet)
rElec   .          Harm     .   (no ring)
rCorr   .          Rampage  .   (no ring)
Will    .....                   (no ring)
Stlth   +++.......              (no ring)
HPRegen 0.09/turn               (no ring)
MPRegen 0.11/turn               (no ring)
                                (no ring)
                                (no ring)

@: no status effects
A: almost no armour, amphibious, 8 rings, camouflage 1, gelatinous body 1,
(nimble swimmer 1), tentacles
a: Renounce Religion


You were on level 3 of the Dungeon.
You worshipped Makhleb.
Makhleb was aware of your devotion.
You visited 1 branch of the dungeon, and saw 3 of its levels.

You collected 106 gold pieces.

Inventory:

Hand Weapons
 a - a +0 dagger (weapon)
Scrolls
 c - a scroll of teleportation {unknown}
 d - a scroll of enchant armour {unknown}
 e - a scroll of enchant weapon {unknown}
 g - a scroll of vulnerability {unknown}
Potions
 f - a potion of heal wounds {unknown}
 h - a potion of curing {unknown}
 i - a potion of lignification {unknown}
 j - a potion of berserk rage {unknown}
Miscellaneous
 b - a piece from Xom's chessboard (15/15) (quivered)


   Skills:
 + Level 2.3 Fighting
 - Level 1.0 Short Blades
 + Level 2.2 Dodging
 - Level 4.0 Stealth
 - Level 3.0 Spellcasting
 + Level 3.1 Ice Magic
 - Level 1.1 Evocations


You had 5 spell levels left.
You knew the following spells:

 Your Spells              Type           Power      Damage    Failure   Level
a - Freeze                Ice            44%        1d6       5%          1
b - Frozen Ramparts       Ice            22%        1d4       16%         3

Your spell library contained the following spells:

 Spells                   Type           Power      Damage    Failure   Level
 Ozocubu's Armour         Ice            11%        N/A       16%         3
 Sting                    Tmut/Pois      8%         1d3       21%         1
 Slow                     Hex            2%         N/A       30%         2
 Confusing Touch          Hex            2%         N/A       52%         3
 Spider Form              Tmut/Pois      1%         N/A       52%         3
 Vampiric Draining        Necr           1%         2d6       52%         3
 Hailstorm                Conj/Ice       7%         3d4       71%         4


Dungeon Overview and Level Annotations

Branches:
Dungeon (3/15)

Altars:
Makhleb


Innate Abilities, Weirdness & Mutations

You cannot wear most types of armour.
You are amphibious.
You can wear up to eight rings at the same time.
Your skin changes colour to match your surroundings (Stealth+).
Your rubbery body absorbs attacks. (AC +1, EV +1)
((You are camouflaged near water. (Stealth+)))
You have tentacles for arms and can constrict up to eight enemies at once.


Message History

The gnoll barely misses you.
You barely miss the gnoll. Your grab misses the gnoll. You squeeze the gnoll!
The gnoll is heavily wounded.
The gnoll closely misses you.
You hit the gnoll but do no damage. You grab the gnoll.
The gnoll is heavily wounded.
You constrict the gnoll. The gnoll hits you with a +0 whip.
You hit the gnoll but do no damage. You squeeze the gnoll.
The gnoll is almost dead.
You constrict the gnoll, but do no damage.
The gnoll barely misses you.
You hit the gnoll but do no damage.
The gnoll is almost dead.
You constrict the gnoll. The gnoll barely misses you.
Unknown command.
You hit the gnoll but do no damage. You squeeze the gnoll.
You kill the gnoll!
Makhleb accepts your kill. The gnoll closely misses you.
You hit the gnoll. Your grab misses the gnoll.
The gnoll is lightly wounded.
The gnoll barely misses you.
You hit the gnoll. You grab the gnoll.
The gnoll is moderately wounded.
You constrict the gnoll. The gnoll barely misses you.
You hit the gnoll but do no damage.
The gnoll is moderately wounded.
You constrict the gnoll. The gnoll hits you with a +0 flail!
* * * LOW HITPOINT WARNING * * *
You hit the gnoll.
The gnoll is heavily wounded.
You constrict the gnoll. The gnoll misses you.
Okay, then.
You hit the gnoll.
The gnoll is severely wounded.
You constrict the gnoll, but do no damage.
You hit the gnoll.
The gnoll is severely wounded.
You constrict the gnoll. The gnoll hits you with a +0 flail.
You die...

#########
#.......#
#.#####.# ###.#
#.# #...# #.#
#.#######.# #
#....g@<#.#
#.#########.#####
#.).............#
###########.###.#
#.# #.# #.# #.#
#.# #.# #.# #.#
#.# #.#


You could see a gnoll.

Vanquished Creatures
  2 gnolls (D:3)
  4 adders (D:2)
  A worm (D:2)
  2 dart slugs
  An orc (D:2)
  A ball python (D:1)
  7 endoplasms
  2 giant cockroaches (D:2)
  3 goblins
  4 hobgoblins
  4 bats
  2 frilled lizards
  2 kobolds
  8 rats (D:1)
43 creatures vanquished.

Notes
Turn   | Place    | Note
-------+----------+-------------------------------------------
     0 | D:1      | omnomnOMINOUS the Octopode Wanderer began the quest for the
                  | Orb.
     0 | D:1      | omnomnOMINOUS set off with the following items: a +0
                  | dagger, a piece from Xom's chessboard (15/15); and the
                  | following spells available to memorise: Freeze, Sting,
                  | Frozen Ramparts, Ozocubu's Armour, Spider Form, Hailstorm
     0 | D:1      | Reached XP level 1. HP: 11/11 MP: 4/4
   205 | D:1      | Reached XP level 2. HP: 18/18 MP: 6/6
   266 | D:1      | Reached skill level 1 in Fighting
   266 | D:1      | Reached skill level 1 in Dodging
   712 | D:2      | Reached XP level 3. HP: 23/23 MP: 7/7
   715 | D:2      | Learned a level 1 spell: Freeze
   719 | D:2      | Learned a level 3 spell: Frozen Ramparts
   840 | D:2      | Found a faded altar of an unknown god.
   844 | D:2      | Became a worshipper of Makhleb the Destroyer
   844 | D:2      | Reached * piety under Makhleb
  1398 | D:2      | Reached XP level 4. HP: 29/29 MP: 8/8
  2380 | D:3      | Slain by a gnoll

Illustrated notes

Levels and vault maps discovered:
D:1:      giann_wishing_wells, layout_rooms, serial_forest,
          infiniplex_forest_straight_5, infiniplex_forest_zigzag_1,
          infiniplex_forest_clump_small, infiniplex_forest_corner_1,
          infiniplex_forest_clump_tiny
D:2:      layout_basic, chequers_ecumenical_altar_simple_redux,
          ebering_dispersal_statue_hall
D:3:      lemuel_castle_with_subvaults [lemuel_castle_interior_original],
          layout_basic, uniq_jessica, uniq_crazy_yiuf_cottage, uniq_ijyb

Skill      XL: |  1  2  3  4 |
---------------+-------------+-----
Fighting       | 1 2 |  2.3
Dodging        | 1 2 |  2.2
Ice Magic      | 3 |  3.1
Short Blades   | |  1.0
Stealth        | |  4.0
Spellcasting   | |  3.0
Evocations     | |  1.1

Action                   |  1- 3 |  4- 6 || total
-------------------------+-------+-------++-------
Melee: Dagger            |    59 |    40 ||    99
       Constrict         |    11 |     5 ||    16
       Tentacles         |     8 |     5 ||    13
 Stab: Sleeping          |    21 |     4 ||    25
Armor: Skin              |     1 |     1 ||     2
Dodge: Dodged            |    21 |    15 ||    36

Table legend: (Time is in decaauts)
 A = Elapsed time spent in this place.
 B = Non-inter-level travel time spent in this place.
 C = Inter-level travel time spent in this place.
 D = Time resting spent in this place.
 E = Time spent auto-exploring this place.
 F = Levels seen in this place.
 G = Mean time per level.
                   A        B        C        D        E       F      G
               +--------+--------+--------+--------+--------+-----+--------+
         Total |   2375 |   2338 |     37 |    776 |   1150 |   3 |  791.7 |
       Dungeon |   2375 |   2338 |     37 |    776 |   1150 |   3 |  791.7 |
               +--------+--------+--------+--------+--------+-----+--------+

Top non-repeatable levels by time:
     D:2: 1566 daAuts
     D:1: 707 daAuts
     D:3: 102 daAuts
